AoeStats
← Abetterhandle

African Clearing

504387305Analyzed
3v3 RM · 28d ago on Sep 5, 2026· 70m 8s· 6 players
Game mode
Random Map
Map size
Normal (6 player)
Population
200
Speed
Normal
Resources
Standard
Victory
Conquest
Starting age
Dark Age
Ending age
Imperial Age
RankedLock teamsTeams togetherTeam positionsShared explorationLock speedFull tech treeHidden civsTurbo modeCheats
Victory
Defeat
🇳🇿 Malians · New Zealand
941
+18
🇨🇱 Celts · Chile
921
+19
🇺🇸 Portuguese · United States
903
+20
🇨🇴 Hindustanis · Colombia
1011
-20
🇵🇦 Magyars · Panama
992
-19
🇨🇴 Burgundians · Colombia
971
-18
KaneGB
6:17 Loom
13:58 Feudal Age
25:15 Castle Age
23:33 Double-Bit Axe
23:30 Horse Collar
24:24 Gold Mining
24:48 Forging
24:30 Stone Mining
25:44 Scale Mail Armor
25:19 Pikeman
27:40 Bow Saw
28:04 Light Cavalry
30:07 Scale Barding Armor
37:38 Imperial Age
36:17 Wheelbarrow
35:27 Town Watch
37:20 Hand Cart
37:22 Chain Mail Armor
38:37 Gold Shaft Mining
39:11 Ballistics
40:28 Chain Barding Armor
41:11 Halberdier
43:08 Fortified Wall
42:54 Onager
44:01 Heavy Scorpion
46:15 Furor Celtica
46:37 Plate Mail Armor
46:15 Town Patrol
54:51 Siege Onager
56:54 Iron Casting
56:34 Fortified Wall
56:06 Treadmill Crane
58:52 Husbandry
58:19 Hussar
61:50 Blast Furnace
69:56 Heavy Plow
Miss. Alternative
6:06 Loom
16:40 Feudal Age
17:05 Horse Collar
17:13 Double-Bit Axe
19:30 Gold Mining
28:33 Castle Age
26:27 Stone Mining
29:24 Wheelbarrow
29:39 Bloodlines
31:39 Bow Saw
31:32 Heavy Plow
33:16 Town Watch
36:33 Stone Shaft Mining
39:13 Imperial Age
37:07 Pikeman
37:38 Arson
37:16 Man-at-Arms
37:46 Gambesons
39:33 Scale Mail Armor
39:44 Forging
39:58 Ballistics
39:03 Long Swordsman
41:05 Fletching
41:15 Padded Archer Armor
42:02 Conscription
42:27 Scale Barding Armor
42:40 Murder Holes
42:21 Two-Handed Swordsman
44:12 Circumnavigation
44:24 Bodkin Arrow
44:01 Halberdier
47:12 Chemistry
46:32 Chain Mail Armor
47:06 Leather Archer Armor
48:10 Arquebus
49:27 Two-Man Saw
48:32 Champion
55:30 Plate Mail Armor
55:15 Masonry
56:05 Elite Organ Gun
56:32 Treadmill Crane
59:34 Iron Casting
Abetterhandle
3:40 Loom
14:24 Feudal Age
15:55 Gold Mining
19:30 Castle Age
17:48 Stone Mining
24:49 Husbandry
39:07 Squires
42:33 Forging
44:21 Scale Barding Armor
45:05 Bloodlines
46:08 Town Watch
51:34 Wheelbarrow
58:49 Tigui
60:20 Horse Collar
69:15 Imperial Age
67:50 Chain Barding Armor
nacho.joyita
5:36 Loom
14:40 Feudal Age
16:53 Double-Bit Axe
25:05 Castle Age
24:58 Scale Barding Armor
33:33 Wheelbarrow
33:49 Gold Mining
34:59 Corvinian Army
35:28 Fletching
36:34 Horse Collar
39:04 Chain Barding Armor
39:19 Bow Saw
41:59 Bloodlines
44:08 Hand Cart
46:35 Imperial Age
48:14 Husbandry
47:39 Cavalier
51:09 Two-Man Saw
54:04 Town Watch
54:35 Bodkin Arrow
54:41 Padded Archer Armor
55:05 Conscription
55:13 Parthian Tactics
61:27 Ballistics
62:08 Chemistry
62:56 Gold Shaft Mining
63:14 Town Patrol
66:53 Plate Barding Armor
70:10 Heavy Plow
Salvatoremancuso
13:26 Feudal Age
12:26 Double-Bit Axe
13:33 Horse Collar
17:50 Bow Saw
18:19 Padded Archer Armor
20:00 Fletching
25:07 Castle Age
24:09 Heavy Plow
24:59 Arson
46:50 Wheelbarrow
53:22 Gold Mining
54:07 Hand Cart
56:37 Burgundian Vineyards
56:31 Loom
59:46 Imperial Age
59:03 Forging
58:58 Scale Barding Armor
59:28 Crop Rotation
60:03 Gold Shaft Mining
61:11 Iron Casting
60:58 Chain Barding Armor
63:20 Blast Furnace
63:27 Chemistry
64:11 Burgundian Vineyards
64:41 Loom
MataLokas4216
9:31 Loom
15:21 Feudal Age
16:13 Double-Bit Axe
18:20 Bloodlines
24:57 Castle Age
23:35 Horse Collar
31:51 Stone Mining
32:14 Bow Saw
32:07 Heavy Plow
33:24 Gold Mining
34:09 Stone Shaft Mining
37:28 Imperial Age
35:42 Wheelbarrow
35:33 Murder Holes
35:59 Ballistics
37:01 Fletching
37:52 Hand Cart
37:23 Town Watch
37:43 Padded Archer Armor
38:30 Grand Trunk Road
39:59 Chemistry
40:46 Leather Archer Armor
41:30 Forging
41:20 Scale Mail Armor
41:25 Scale Barding Armor
42:37 Fortified Wall
44:53 Light Cavalry
47:37 Onager
48:42 Hussar
60:46 Caravan
61:27 Husbandry
64:41 Elite Skirmisher
64:42 Crossbowman
65:27 Thumb Ring
65:45 Heavy Camel Rider
Connection lost

Rejoining the realm…

Still unreachable

The connection could not be restored.

Session expired

The server has moved on; the page needs a fresh start.